 Dungeon Crawl Stone Soup version 0.28.0-43-g3370ac3207 (webtiles) character file.

Game seed: 7110256808116796478

81 croobank the Firebug (level 4, 0/27 HPs)
             Began as a Human Fire Elementalist on Mar 17, 2022.
             Succumbed to an adder's poison
             ... on level 2 of the Dungeon.
             The game lasted 00:07:24 (1840 turns).

croobank the Firebug (Human Fire Elementalist)      Turns: 1840, Time: 00:07:24

Health: 0/27       AC:  4    Str:  9    XL:     4   Next: 68%
Magic:  1/7        EV: 12    Int: 17    God:
Gold:   46         SH:  0    Dex: 13    Spells: 1/8 levels left

rFire   . . .      SeeInvis .   j - +0 whip (flame)
rCold   . . .      Faith    .   g - orb {mayhem}
rNeg    . . .      Spirit   .   a - +0 robe
rPois   .          Reflect  .   (no helmet)
rElec   .          Harm     .   l - +0 cloak
rCorr   .          Rampage  .   b - +0 pair of gloves
Will    .....                   (no boots)
Stlth   ++........              (no amulet)
HPRegen 0.09/turn               (no ring)
MPRegen 0.10/turn               (no ring)

@: brilliant, lethally poisoned (0 -> -2), about to teleport
A: frail 1, inability to read while threatened
a: no special abilities


You were on level 2 of the Dungeon.
You visited 1 branch of the dungeon, and saw 2 of its levels.

You collected 66 gold pieces.
You spent 20 gold pieces at shops.

Inventory:

Hand Weapons
 c - a +0 mace
 j - a +0 whip of flaming (weapon)
Missiles
 d - 41 stones
 f - 22 sling bullets
 m - 5 javelins
Armour
 a - a +0 robe (worn)
 b - a +0 pair of gloves (worn)
 e - a +0 leather armour
 g - an orb of mayhem (worn)
 l - a +0 cloak (worn)
Jewellery
 n - a ring of positive energy
Wands
 k - a wand of acid (7)
Potions
 i - 2 potions of flight


   Skills:
 + Level 2.6 Dodging
 + Level 2.7 Stealth
 + Level 2.5 Spellcasting
 + Level 1.9 Conjurations
 + Level 3.4 Fire Magic


You had one spell level left.
You knew the following spells:

 Your Spells              Type           Power      Damage    Failure   Level
a - Foxfire               Conj/Fire      68%        2x1d7     6%          1
b - Scorch                Fire           40%        2d7       7%          2
c - Flame Wave            Conj/Fire      17%        2d6       52%         4

Your spell library contained the following spells:

 Spells                   Type           Power      Damage    Failure   Level
 Conjure Flame            Conj/Fire      17%        6-21      19%         3
 Inner Flame              Hex/Fire       12%        N/A       26%         3


Dungeon Overview and Level Annotations

Branches:
Dungeon (2/15)

Altars:
Xom

Shops:
D:2 ?


Innate Abilities, Weirdness & Mutations

You are frail. (-10% HP)
You sometimes lose the ability to read scrolls when taking damage.


Message History

You are more poisoned.
The adder poisons you!
You barely miss the adder.
The adder is almost dead.
You can read scrolls again.
You feel sick. The adder barely misses you. The adder bites you.
You feel threatened and lose the ability to read scrolls!
You are lethally poisoned!
The adder poisons you!
You hit the adder. You burn the adder.
You kill the adder!
You can read scrolls again.
You feel very sick.
* * * LOW HITPOINT WARNING * * *
You feel sick.
You see here a +0 hand crossbow.
* * * LOW HITPOINT WARNING * * *
You feel sick.
* * * LOW HITPOINT WARNING * * *
You feel sick.
You see here 22 stones.
* * * LOW HITPOINT WARNING * * *
You feel sick.
You see here a coppery potion.
It was a potion of brilliance.
You feel clever all of a sudden.
* * * LOW HITPOINT WARNING * * *
You feel sick.
Okay, then.
As you read the scroll labelled QIDDEDGHAESI, it crumbles to dust.
You feel strangely unstable.
It was a scroll of teleportation.
* * * LOW HITPOINT WARNING * * *
You feel sick.
There is a lethal amount of poison in your body!
Really renounce your faith, foregoing its fabulous benefits?
Are you sure?
You have lost your religion!
Xom does not appreciate desertion!
You die...
Xom roars with laughter!

#########.#########
#.# #########.# #.#
#.........# #.#
#.######### #.#
#.#.######### ..#
#.#.........##.#
###
#.###........S$#
#.....###.###..#
#####.#@(.).#
#.##...## #.#.....#
#.####### #.. #..
#.#


There were no monsters in sight!

Vanquished Creatures
  4 adders (D:2)
  A worm (D:2)
  A dart slug (D:2)
  3 endoplasms
  A giant cockroach (D:1)
  4 goblins
  4 hobgoblins
  2 jackals (D:1)
  3 kobolds (D:1)
  2 quokkas
  A ball python (D:1)
  7 bats
  3 frilled lizards
  5 rats (D:1)
41 creatures vanquished.

Vanquished Creatures (collateral kills)
  A quokka (D:2)
1 creature vanquished.

Vanquished Creatures (others)
  A bat (D:1)
  A jackal (D:1)
  60 foxfires
  4 toadstools (D:1)
66 creatures vanquished.

Grand Total: 108 creatures vanquished

Notes
Turn   | Place    | Note
-------+----------+-------------------------------------------
     0 | D:1      | croobank the Human Fire Elementalist began the quest for
                  | the Orb.
     0 | D:1      | Reached XP level 1. HP: 13/13 MP: 3/3
    59 | D:1      | Found a faded altar of an unknown god.
    83 | D:1      | Prayed at the altar of an unknown god.
    83 | D:1      | Became a worshipper of Xom the Begetter of Discontinuities
   129 | D:1      | Reached XP level 2. HP: 19/19 MP: 1/5
   132 | D:1      | Learned a level 2 spell: Scorch
   286 | D:1      | XOM: divination: detect creatures
   718 | D:1      | Reached XP level 3. HP: 24/24 MP: 4/6
   926 | D:1      | XOM: give mutations
   926 | D:1      | Gained mutation: You sometimes lose the ability to read
                  | scrolls when taking damage. [Xom's mischief]
   926 | D:1      | Gained mutation: You are frail. (-10% HP) [Xom's mischief]
   926 | D:1      | Gained mutation: Armour fits poorly on your strangely
                  | shaped body. [Xom's mischief]
   926 | D:1      | Lost mutation: Armour fits poorly on your strangely shaped
                  | body. [Xom's mischief]
   973 | D:1      | XOM: divination: detect items
  1117 | D:2      | XOM: divination: magic mapping
  1207 | D:2      | Found Zuydonof's Magic Scroll Emporium.
  1210 | D:2      | Bought a scroll of identify for 20 gold pieces
  1282 | D:2      | Reached XP level 4. HP: 22/27 MP: 3/7
  1287 | D:2      | Learned a level 4 spell: Flame Wave
  1343 | D:2      | XOM: cloud trail
  1734 | D:2      | XOM: silly message
  1839 | D:2      | HP: 1/27 [poisoned by an adder]
  1840 | D:2      | Fell from the grace of Xom
  1840 | D:2      | Succumbed to an adder's poison

Illustrated notes

Levels and vault maps discovered:
D:1:      ldierk_water_garden, layout_basic, ebering_ecumenical_altar_box
D:2:      layout_basic, serial_shops, nicolae_shop_behind_doors,
          minmay_split_cup_large

Action                   |  1- 3 |  4- 6 || total
-------------------------+-------+-------++-------
Melee: Mace              |    25 |       ||    25
       Whip              |     2 |    12 ||    14
 Cast: Foxfire           |    33 |     7 ||    40
       Scorch            |     8 |     8 ||    16
Invok: Renounce Religion |       |     1 ||     1
  Use: Scroll            |     2 |     1 ||     3
       Potion            |       |     2 ||     2
Armor: Robe              |    19 |     4 ||    23
Dodge: Dodged            |    39 |    11 ||    50
